[Event "Romanian-ch Youth Girls U12 2024"]
[Site "Eforie Nord"]
[Date "2024.04.12"]
[Round "1.1"]
[White "Ruja, Irina"]
[Black "Sunea, Sara Maria"]
[Result "0-1"]
[ECO "A65"]
[WhiteElo "1492"]
[BlackElo "1798"]
[Annotator "NA RC COMBH"]
[PlyCount "88"]
[EventDate "2024.04.10"]
[EventType "swiss"]
[EventCountry "ROU"]
[SourceTitle "playchess.com"]
[Source "ChessBase"]
[SourceQuality "1"]
[TimeControl "5400+30"]

1. d4 Nf6 2. c4 c5 3. d5 e6 4. Nc3 exd5 5. cxd5 d6 6. e4 g6 7. Bg5 Bg7 8. Qc2 O-O 9. Be2 Re8 10. Nf3 Bg4 11. O-O Bxf3 12. Bxf3 Nbd7 13. Rfe1 Rb8 14. Be2 a6 15. a4 Qc7 16. f3 c4 17. Rec1 b5 18. axb5 axb5 19. h3 Nc5 20. Rd1 Nfd7 21. Be3 Rec8 22. Na2 Nb3 23. Rab1 Qa5 24. Nc1 Ndc5 25. Bxc5 Nxc5 26. b4 Qa4 27. Qxa4 Nxa4 28. Na2 c3 29. Rb3 c2 30. Rf1 Nc3 31. Nc1 Ra8 32. Bd3 Na2 33. f4 Nxc1 34. Rxc1 Ra1 35. Rxa1 Bxa1 36. Bxc2 Rxc2 37. Ra3 Bd4+ 38. Kh2 Rb2 39. Ra8+ Kg7 40. Rd8 g5 41. Rxd6 gxf4 42. h4 f3 43. Kh3 fxg2 44. h5 h6 0-1

[Event "Romanian-ch Youth Girls U12 2024"]
[Site "Eforie Nord"]
[Date "2024.04.12"]
[Round "1.2"]
[White "Zamfirache, Amalia-Maria"]
[Black "Gheorghiu, Theodora Maria"]
[Result "1-0"]
[ECO "D00"]
[WhiteElo "1725"]
[BlackElo "1477"]
[Annotator "NA RC COMBH"]
[PlyCount "121"]
[EventDate "2024.04.10"]
[EventType "swiss"]
[EventCountry "ROU"]
[SourceTitle "playchess.com"]
[Source "ChessBase"]
[SourceQuality "1"]
[TimeControl "5400+30"]

1. d4 d5 2. Bf4 e6 3. e3 Nf6 4. Qf3 h6 5. Nc3 Bb4 6. Nge2 c5 7. O-O-O Qb6 8. g4 Nc6 9. Qg3 a6 10. h4 Nd7 11. Bg2 Bxc3 12. Nxc3 Ne7 13. h5 c4 14. Bh3 Rg8 15. g5 hxg5 16. Bxg5 Nf8 17. Bxe7 Kxe7 18. Qe5 Qd6 19. Qg5+ f6 20. Qg2 Kf7 21. Rdg1 Nh7 22. Qg6+ Kf8 23. Qxh7 b5 24. Qg6 Bd7 25. h6 Be8 26. hxg7+ Ke7 27. Qg3 Qb6 28. Ne2 b4 29. Nf4 Bf7 30. Qg4 Qd6 31. Qg3 Qb6 32. Qg4 Qd6 33. Qh4 Rab8 34. Ng6+ Bxg6 35. Rxg6 e5 36. dxe5 Qxe5 37. Qd4 Qxd4 38. exd4 Kf7 39. Rhg1 b3 40. axb3 cxb3 41. c3 Rbe8 42. Kd2 Re4 43. R6g4 f5 44. Rg5 Rf4 45. Rxf5+ Rxf5 46. Bxf5 Rxg7 47. Rxg7+ Kxg7 48. Be6 Kf6 49. Bxd5 Kf5 50. Bxb3 Kf4 51. c4 Ke4 52. c5 Kxd4 53. c6 Kc5 54. c7 Kc6 55. c8=Q+ Kb5 56. Qc4+ Kb6 57. f4 Kb7 58. f5 Kb6 59. f6 Kb7 60. f7 Kb8 61. f8=R+ 1-0

[Event "Romanian-ch Youth Girls U12 2024"]
[Site "Eforie Nord"]
[Date "2024.04.13"]
[Round "2.1"]
[White "Sunea, Sara Maria"]
[Black "Dospin, Nicola-Diana"]
[Result "1-0"]
[ECO "D53"]
[WhiteElo "1798"]
[BlackElo "1601"]
[Annotator "NA RC COMBH"]
[PlyCount "119"]
[EventDate "2024.04.10"]
[EventType "swiss"]
[EventCountry "ROU"]
[SourceTitle "playchess.com"]
[Source "ChessBase"]
[SourceQuality "1"]
[TimeControl "5400+30"]

1. d4 d5 2. Bf4 Nf6 3. e3 Nc6 4. c4 e6 5. Nc3 Bd6 6. Bg5 Be7 7. Nf3 O-O 8. Bd3 b6 9. O-O Bb7 10. cxd5 Nxd5 11. Nxd5 exd5 12. Bf4 Re8 13. Ne5 Nxe5 14. Bxe5 Bd6 15. Bxd6 Qxd6 16. Qc2 g6 17. Rac1 Rac8 18. Qa4 a5 19. Rc3 Red8 20. Rfc1 Qd7 21. Bb5 Qe7 22. Qc2 Qb4 23. Be2 Qf8 24. Qb3 Qe7 25. a3 Qd6 26. g3 Rd7 27. Qc2 c6 28. Qb3 a4 29. Qxb6 Rdc7 30. Rc5 Qe6 31. Bf3 Qd7 32. Bxd5 Qe8 33. Bg2 Qe6 34. Qb4 Qd7 35. Qxa4 Ra8 36. Qc2 Rac8 37. b4 Qd6 38. d5 Qe7 39. dxc6 Ba8 40. b5 Rb8 41. a4 Qd6 42. a5 Bxc6 43. Bxc6 Ra7 44. b6 Ra6 45. Bg2 Rxa5 46. Rxa5 Qxb6 47. Ra8 Rxa8 48. Bxa8 Kg7 49. Qc3+ Kh6 50. Bd5 f5 51. Qd2 Kg7 52. Qd4+ Qxd4 53. exd4 Kf6 54. Rc6+ Ke7 55. Bg8 Kd7 56. d5 h6 57. Rxg6 Ke8 58. Be6 h5 59. d6 Kd8 60. Rg8# 1-0

[Event "Romanian-ch Youth Girls U12 2024"]
[Site "Eforie Nord"]
[Date "2024.04.13"]
[Round "2.2"]
[White "Cristurean, Noelia-Alexandra"]
[Black "Zamfirache, Amalia-Maria"]
[Result "0-1"]
[ECO "B13"]
[WhiteElo "1589"]
[BlackElo "1725"]
[Annotator "NA RC COMBH"]
[PlyCount "92"]
[EventDate "2024.04.10"]
[EventType "swiss"]
[EventCountry "ROU"]
[SourceTitle "playchess.com"]
[Source "ChessBase"]
[SourceQuality "1"]
[TimeControl "5400+30"]

1. e4 c6 2. d4 d5 3. exd5 cxd5 4. Bf4 Nf6 5. c3 Bf5 6. Nd2 e6 7. Ngf3 Bd6 8. Ne5 O-O 9. Be2 Nc6 10. Ndf3 Rb8 11. O-O Qc7 12. Re1 Ne4 13. h3 f6 14. Nxc6 bxc6 15. Bxd6 Qxd6 16. Qc1 c5 17. Bd3 c4 18. Bxe4 Bxe4 19. Re3 Qb6 20. Nd2 f5 21. f3 f4 22. Re1 Bf5 23. b3 cxb3 24. axb3 Rb7 25. Ra4 Qd8 26. Qa1 Qg5 27. Kh1 Qe7 28. Qa2 Qc7 29. Rc1 Rf6 30. Ra5 Rh6 31. Rc5 Qe7 32. Nf1 Rc7 33. Ra5 Rg6 34. Nh2 h5 35. Qb2 Rf6 36. Rca1 Rf8 37. R1a3 Rfc8 38. b4 e5 39. Nf1 exd4 40. cxd4 Rc2 41. Qb3 Qe2 42. Ne3 fxe3 43. Qxd5+ Kh8 44. f4 Bg6 45. f5 Bxf5 46. Rxa7 Bxh3 0-1

[Event "Romanian-ch Youth Girls U12 2024"]
[Site "Eforie Nord"]
[Date "2024.04.13"]
[Round "3.1"]
[White "Cretescu, Emma"]
[Black "Sunea, Sara Maria"]
[Result "1/2-1/2"]
[ECO "D05"]
[WhiteElo "1689"]
[BlackElo "1798"]
[Annotator "NA RC COMBH"]
[PlyCount "74"]
[EventDate "2024.04.10"]
[EventType "swiss"]
[EventCountry "ROU"]
[SourceTitle "playchess.com"]
[Source "ChessBase"]
[SourceQuality "1"]
[TimeControl "5400+30"]

1. d4 Nf6 2. Nf3 e6 3. e3 d5 4. Bd3 c5 5. b3 Be7 6. Bb2 O-O 7. O-O b6 8. Nbd2 Ba6 9. Bxa6 Nxa6 10. c4 Rc8 11. a3 Nb8 12. Rc1 dxc4 13. Nxc4 Nc6 14. dxc5 Bxc5 15. b4 Be7 16. Qa4 Ne4 17. Rfd1 Qe8 18. Nd4 Nxd4 19. Qxe8 Rfxe8 20. Rxd4 Nf6 21. Rdd1 h6 22. Ne5 Rxc1 23. Rxc1 Bd6 24. Nc6 a6 25. Be5 Bxe5 26. Nxe5 Nd5 27. e4 Nf4 28. Rc6 Rd8 29. h3 Rd1+ 30. Kh2 Ra1 31. Rxb6 Rxa3 32. Rb8+ Kh7 33. Nxf7 Nd3 34. f3 Rb3 35. Rb6 Nxb4 36. Rxe6 a5 37. Re8 a4 1/2-1/2

[Event "Romanian-ch Youth Girls U12 2024"]
[Site "Eforie Nord"]
[Date "2024.04.13"]
[Round "3.2"]
[White "Zamfirache, Amalia-Maria"]
[Black "Sabou, Stefania Theodora"]
[Result "1/2-1/2"]
[ECO "B22"]
[WhiteElo "1725"]
[BlackElo "1612"]
[Annotator "NA RC COMBH"]
[PlyCount "58"]
[EventDate "2024.04.10"]
[EventType "swiss"]
[EventCountry "ROU"]
[SourceTitle "playchess.com"]
[Source "ChessBase"]
[SourceQuality "1"]
[TimeControl "5400+30"]

1. e4 c5 2. c3 d5 3. exd5 Qxd5 4. d4 cxd4 5. cxd4 Nc6 6. Nf3 e5 7. dxe5 Qxd1+ 8. Kxd1 Nge7 9. Nc3 Bg4 10. Be3 Bxf3+ 11. gxf3 Nxe5 12. Be2 O-O-O+ 13. Kc2 N7c6 14. a3 a6 15. Rad1 Bd6 16. Nd5 Bc7 17. Kb1 Ng6 18. Rd2 Nge7 19. Rhd1 Nxd5 20. Rxd5 Rxd5 21. Rxd5 Ne7 22. Rg5 g6 23. h3 Nf5 24. Rg1 Re8 25. Bc4 Nxe3 26. fxe3 Rxe3 27. Bxf7 Rxf3 28. Bg8 Kb8 29. Bxh7 Rxh3 1/2-1/2

[Event "Romanian-ch Youth Girls U12 2024"]
[Site "Eforie Nord"]
[Date "2024.04.14"]
[Round "4.1"]
[White "Dorobat, Alexia"]
[Black "Cristurean, Andreea-Nuria"]
[Result "1/2-1/2"]
[ECO "B33"]
[WhiteElo "1707"]
[BlackElo "1500"]
[Annotator "NA RC"]
[PlyCount "72"]
[EventDate "2024.04.10"]
[EventType "swiss"]
[EventCountry "ROU"]
[SourceTitle "playchess.com"]
[Source "ChessBase"]
[SourceQuality "1"]
[TimeControl "5400+30"]

1. e4 c5 2. Nf3 Nc6 3. d4 cxd4 4. Nxd4 Nf6 5. Nc3 e5 6. Nf3 Bb4 7. Bd3 Bxc3+ 8. bxc3 d6 9. Nd2 Be6 10. f3 d5 11. Qe2 Qc7 12. Nb3 Nd7 13. Bd2 d4 14. cxd4 Bxb3 15. cxb3 Nxd4 16. Qe3 Nc5 17. O-O Nxd3 18. Qxd3 O-O 19. Rac1 Qd7 20. Bc3 Rfd8 21. Rfd1 Rac8 22. Bxd4 exd4 23. Rc4 Rxc4 24. Qxc4 h6 25. Qd3 Qc6 26. Qc4 Qxc4 27. bxc4 d3 28. Kf2 Rd4 29. Ke3 Rxc4 30. Rxd3 Ra4 31. Rd2 Kf8 32. Kd3 Ke7 33. Kc3 Ra6 34. Rb2 Rc6+ 35. Kd4 b6 36. Kd5 Rc5+ 1/2-1/2

[Event "Romanian-ch Youth Girls U12 2024"]
[Site "Eforie Nord"]
[Date "2024.04.14"]
[Round "4.2"]
[White "Sunea, Sara Maria"]
[Black "Zamfirache, Amalia-Maria"]
[Result "1/2-1/2"]
[ECO "B12"]
[WhiteElo "1798"]
[BlackElo "1725"]
[Annotator "NA RC"]
[PlyCount "76"]
[EventDate "2024.04.10"]
[EventType "swiss"]
[EventCountry "ROU"]
[SourceTitle "playchess.com"]
[Source "ChessBase"]
[SourceQuality "1"]
[TimeControl "5400+30"]

1. e4 c6 2. d4 d5 3. e5 c5 4. Nf3 Nc6 5. dxc5 Bg4 6. Be2 e6 7. Bf4 Bxc5 8. O-O Nge7 9. Nbd2 Ng6 10. Bg3 O-O 11. Nb3 Bb6 12. Re1 Rc8 13. Nbd4 Nxd4 14. Nxd4 Bxd4 15. Qxd4 Bxe2 16. Rxe2 b6 17. a4 Ne7 18. b3 Nf5 19. Qd2 Nxg3 20. hxg3 Qc7 21. Rd1 Qc5 22. g4 Rc7 23. Qg5 Qe7 24. Qxe7 Rxe7 25. Kf1 Rc8 26. Ke1 Rec7 27. Rdd2 Kf8 28. Kd1 Rc3 29. Kc1 Rxb3 30. Rd4 Rbc3 31. Kb2 R3c4 32. Red2 Ke7 33. f3 R8c5 34. Rxc4 dxc4 35. Kc3 Rxe5 36. Kxc4 Rc5+ 37. Kb3 Kf6 38. Rd7 Ra5 1/2-1/2

[Event "Romanian-ch Youth Girls U12 2024"]
[Site "Eforie Nord"]
[Date "2024.04.15"]
[Round "5.1"]
[White "Cretescu, Emma"]
[Black "Dorobat, Alexia"]
[Result "1/2-1/2"]
[ECO "A47"]
[WhiteElo "1689"]
[BlackElo "1707"]
[Annotator "NA RC"]
[PlyCount "78"]
[EventDate "2024.04.10"]
[EventType "swiss"]
[EventCountry "ROU"]
[SourceTitle "playchess.com"]
[Source "ChessBase"]
[SourceQuality "1"]
[TimeControl "5400+30"]

1. d4 Nf6 2. Nf3 e6 3. e3 b6 4. Bd3 Bb7 5. O-O c5 6. Nbd2 Nc6 7. b3 Rc8 8. a3 cxd4 9. exd4 Be7 10. Bb2 d5 11. Ne5 O-O 12. f4 Nd7 13. Rf3 Ncxe5 14. fxe5 f6 15. Rh3 g6 16. Qg4 f5 17. Qe2 Kg7 18. Nf3 a5 19. Bc1 Kg8 20. Qd2 Rf7 21. Qh6 Bf8 22. Qf4 Be7 23. Qg3 Qc7 24. Bg5 Nf8 25. Qh4 Qc3 26. Ra2 Qc7 27. Bxe7 Rxe7 28. g4 Rf7 29. gxf5 exf5 30. Ng5 Re7 31. Rg3 Rg7 32. Qf4 Qe7 33. h4 Ne6 34. Nxe6 Qxe6 35. h5 Rf8 36. h6 Rc7 37. b4 Re7 38. bxa5 bxa5 39. Rb2 Qc6 1/2-1/2

[Event "Romanian-ch Youth Girls U12 2024"]
[Site "Eforie Nord"]
[Date "2024.04.15"]
[Round "5.2"]
[White "Cristurean, Andreea-Nuria"]
[Black "Sunea, Sara Maria"]
[Result "1/2-1/2"]
[ECO "A03"]
[WhiteElo "1500"]
[BlackElo "1798"]
[Annotator "NA RC"]
[PlyCount "113"]
[EventDate "2024.04.10"]
[EventType "swiss"]
[EventCountry "ROU"]
[SourceTitle "playchess.com"]
[Source "ChessBase"]
[SourceQuality "1"]
[TimeControl "5400+30"]

1. f4 d5 2. Nf3 Nf6 3. e3 Bf5 4. g3 e6 5. Bg2 c5 6. O-O Nc6 7. d3 Be7 8. Qd2 a6 9. b3 Rc8 10. Bb2 O-O 11. Re1 b5 12. Ne5 Bg6 13. Nxg6 hxg6 14. e4 d4 15. Qe2 e5 16. Nd2 Qd7 17. Nf3 Bd6 18. fxe5 Nxe5 19. Nxe5 Bxe5 20. a4 b4 21. Qf3 Rfe8 22. Bc1 Rc6 23. Bg5 Nh7 24. Bd2 Rf6 25. Qe2 Qc7 26. Rf1 Nf8 27. Rxf6 Bxf6 28. Bh3 Qd8 29. Be1 Re5 30. Bg4 Bg5 31. Bf2 Nh7 32. h4 Bh6 33. Bf3 Nf6 34. g4 Bf4 35. g5 Nd5 36. Qf1 Ne3 37. Bxe3 Bxe3+ 38. Kg2 f6 39. gxf6 Qxf6 40. Qh1 g5 41. h5 g4 42. Bxg4 Qf2+ 43. Kh3 Qxc2 44. Qd1 Qc3 45. Ra2 Bg5 46. Qc2 Rxe4 47. Bf3 Re3 48. Kg4 Bh6 49. Bd5+ Kh8 50. Qf2 Re8 51. Qf7 Qe1 52. Qf2 Qd1+ 53. Qf3 Qc1 54. Qf5 Qd1+ 55. Qf3 Qxf3+ 56. Bxf3 Re5 57. Re2 1/2-1/2

[Event "Romanian-ch Youth Girls U12 2024"]
[Site "Eforie Nord"]
[Date "2024.04.16"]
[Round "6.1"]
[White "Cristurean, Andreea-Nuria"]
[Black "Cretescu, Emma"]
[Result "1/2-1/2"]
[ECO "B13"]
[WhiteElo "1500"]
[BlackElo "1689"]
[Annotator "NA RC"]
[PlyCount "62"]
[EventDate "2024.04.10"]
[EventType "swiss"]
[EventCountry "ROU"]
[SourceTitle "playchess.com"]
[Source "ChessBase"]
[SourceQuality "1"]
[TimeControl "5400+30"]

1. d4 d5 2. Bf4 c5 3. e3 cxd4 4. exd4 Bf5 5. c4 Nc6 6. Nf3 e6 7. a3 Nf6 8. Nc3 a6 9. c5 b5 10. Ne5 Nxe5 11. Bxe5 Ne4 12. Nxe4 dxe4 13. g4 Bg6 14. Bg2 Qd5 15. Bf4 Be7 16. h4 h6 17. Be3 Rd8 18. Qe2 Bf6 19. Rd1 e5 20. dxe5 Qxd1+ 21. Qxd1 Rxd1+ 22. Kxd1 Bxe5 23. Kc2 Ke7 24. Rd1 Ke6 25. Kb3 Rc8 26. Rd2 f6 27. f3 exf3 28. Bxf3 Rc7 29. Bd5+ Ke7 30. c6 Bf7 31. Bc5+ Ke8 1/2-1/2

[Event "Romanian-ch Youth Girls U12 2024"]
[Site "Eforie Nord"]
[Date "2024.04.16"]
[Round "6.2"]
[White "Dorobat, Alexia"]
[Black "Zamfirache, Amalia-Maria"]
[Result "1/2-1/2"]
[ECO "B18"]
[WhiteElo "1707"]
[BlackElo "1725"]
[Annotator "NA RC"]
[PlyCount "68"]
[EventDate "2024.04.10"]
[EventType "swiss"]
[EventCountry "ROU"]
[SourceTitle "playchess.com"]
[Source "ChessBase"]
[SourceQuality "1"]
[TimeControl "5400+30"]

1. e4 c6 2. d4 d5 3. Nc3 dxe4 4. Nxe4 Bf5 5. Ng3 Bg6 6. N1e2 e6 7. Nf4 Bd6 8. h4 Qc7 9. Nxg6 hxg6 10. Ne4 Be7 11. g3 Nf6 12. Bg2 Nxe4 13. Bxe4 Nd7 14. c3 Nf6 15. Bg2 Rd8 16. Bf4 Bd6 17. Bxd6 Rxd6 18. O-O O-O 19. Qc2 Rfd8 20. Bf3 b6 21. Kg2 c5 22. dxc5 Qxc5 23. Rad1 Rxd1 24. Rxd1 Rxd1 25. Qxd1 Qc7 26. Qa4 Nd7 27. Qd4 Nc5 28. Qc4 Qd8 29. Qb5 Nd3 30. Be4 Nc5 31. Qc4 Nxe4 32. Qxe4 Qc7 33. Qd4 Qb7+ 34. Kh2 Qf3 1/2-1/2

[Event "Romanian-ch Youth Girls U12 2024"]
[Site "Eforie Nord"]
[Date "2024.04.17"]
[Round "7.1"]
[White "Cretescu, Emma"]
[Black "Leca Andrei, Anastasia"]
[Result "1/2-1/2"]
[ECO "D05"]
[WhiteElo "1689"]
[BlackElo "1653"]
[Annotator "NA RC COMBH"]
[PlyCount "172"]
[EventDate "2024.04.10"]
[EventType "swiss"]
[EventCountry "ROU"]
[SourceTitle "playchess.com"]
[Source "ChessBase"]
[SourceQuality "1"]
[TimeControl "5400+30"]

1. d4 Nf6 2. Nf3 e6 3. e3 d5 4. Bd3 c5 5. b3 b6 6. Bb2 Be7 7. O-O O-O 8. Nbd2 Ba6 9. Bxa6 Nxa6 10. a3 Rc8 11. c4 Nb8 12. Rc1 Qd7 13. dxc5 bxc5 14. Qc2 h6 15. Rfd1 Qb7 16. Bc3 Rfd8 17. Qb2 Ne8 18. h3 Bf6 19. Ne5 Nc6 20. Nxc6 Qxc6 21. Bxf6 Nxf6 22. Nf3 Qb6 23. Ne5 Rb8 24. Rb1 Nd7 25. cxd5 Nxe5 26. Qxe5 exd5 27. Rxd5 Rxd5 28. Qxd5 Qa5 29. a4 Qc3 30. Qd1 Qb4 31. Rc1 Qa3 32. Rc3 Rc8 33. Qc1 Qb4 34. Qc2 a5 35. Kf1 Qb6 36. Rd3 Qb4 37. Qd2 Qb6 38. Qc3 c4 39. bxc4 Qb1+ 40. Ke2 Qa2+ 41. Rd2 Qxc4+ 42. Qxc4 Rxc4 43. Rd8+ Kh7 44. Rd4 Rc5 45. Kd3 Kg6 46. e4 f5 47. Rd6+ Kh7 48. f3 Rc1 49. Rd5 fxe4+ 50. fxe4 Rd1+ 51. Ke2 Ra1 52. Rxa5 Ra2+ 53. Kf3 Ra3+ 54. Kf4 Ra2 55. g3 Rf2+ 56. Kg4 Kg6 57. Ra6+ Kf7 58. e5 Re2 59. e6+ Kf6 60. Kf3 Ra2 61. h4 Ra3+ 62. Kg4 g6 63. a5 Ra4+ 64. Kh3 Ra3 65. e7+ Kxe7 66. Rxg6 Rxa5 67. Rxh6 Ra4 68. h5 Kf7 69. Rg6 Re4 70. g4 Re1 71. Kh4 Re5 72. Rg5 Re1 73. Rf5+ Kg7 74. Kg5 Re6 75. Rc5 Re7 76. Rd5 Rf7 77. h6+ Kh7 78. Kh5 Rf2 79. Rd7+ Kg8 80. Kg6 Rf8 81. g5 Re8 82. h7+ Kh8 83. Kf7 Rf8+ 84. Ke6 Rf6+ 85. Ke5 Rf5+ 86. Ke6 Rxg5 1/2-1/2

[Event "Romanian-ch Youth Girls U12 2024"]
[Site "Eforie Nord"]
[Date "2024.04.17"]
[Round "7.2"]
[White "Sabou, Stefania Theodora"]
[Black "Dorobat, Alexia"]
[Result "1-0"]
[ECO "A45"]
[WhiteElo "1612"]
[BlackElo "1707"]
[Annotator "NA RC COMBH"]
[PlyCount "51"]
[EventDate "2024.04.10"]
[EventType "swiss"]
[EventCountry "ROU"]
[SourceTitle "playchess.com"]
[Source "ChessBase"]
[SourceQuality "1"]
[TimeControl "5400+30"]

1. d4 Nf6 2. Bg5 e6 3. e4 h6 4. Bxf6 Qxf6 5. c3 b6 6. Bd3 Bb7 7. Nd2 Qd8 8. Ne2 Be7 9. O-O O-O 10. f4 f5 11. Qb3 fxe4 12. Nxe4 Kh8 13. Bb1 d5 14. N4g3 Nd7 15. Qc2 Nf6 16. f5 exf5 17. Nf4 Rf7 18. Nxf5 Bd6 19. Nxd6 Qxd6 20. Nh5 Rg8 21. Qg6 Qf8 22. Bf5 Re7 23. Rae1 Ba6 24. Nf4 Bxf1 25. Qh7+ Nxh7 26. Ng6# 1-0

[Event "Romanian-ch Youth Girls U12 2024"]
[Site "Eforie Nord"]
[Date "2024.04.18"]
[Round "8.1"]
[White "Cretescu, Emma"]
[Black "Zamfirache, Amalia-Maria"]
[Result "1-0"]
[ECO "D94"]
[WhiteElo "1689"]
[BlackElo "1725"]
[Annotator "NA RC COMBH"]
[PlyCount "183"]
[EventDate "2024.04.10"]
[EventType "swiss"]
[EventCountry "ROU"]
[SourceTitle "playchess.com"]
[Source "ChessBase"]
[SourceQuality "1"]
[TimeControl "5400+30"]

1. d4 d5 2. Nf3 Nf6 3. e3 g6 4. Be2 Bg7 5. O-O O-O 6. c4 e6 7. Nc3 b6 8. b3 Bb7 9. Bb2 c5 10. cxd5 exd5 11. Rc1 Nbd7 12. Ba3 Ne4 13. Nxe4 dxe4 14. Nd2 Qg5 15. dxc5 Nxc5 16. Bxc5 bxc5 17. Qc2 Rad8 18. Nxe4 Bxe4 19. Qxe4 Rd2 20. Rc2 Rxc2 21. Qxc2 Rd8 22. Bf3 Be5 23. Rc1 Bd6 24. Qc4 Kg7 25. Qa6 Qe7 26. g3 Qf6 27. Bg2 Qe7 28. Qb7 Qxb7 29. Bxb7 Be7 30. Rc4 Rd7 31. Bc6 Rc7 32. Ba4 Rb7 33. Kg2 Rb4 34. Rc3 h6 35. Rd3 Rb7 36. Kf3 Bf8 37. Rd7 Rxd7 38. Bxd7 Bd6 39. Ke4 Bc7 40. Kd5 Bb6 41. a4 Kf6 42. Kc6 Ke7 43. Bh3 g5 44. Bg2 f6 45. Kb5 Kd6 46. Ka6 Ke5 47. Kb5 Kd6 48. Bf3 Ke5 49. Bg2 Kd6 50. Bh1 Ke5 51. Kc6 Ke6 52. Bg2 Ke5 53. Kd7 Kf5 54. Ke7 Ke5 55. Kf7 h5 56. Kg6 h4 57. gxh4 gxh4 58. Kh5 Ba5 59. Kxh4 Be1 60. Kg3 Kf5 61. Kf3 Kg5 62. Ke2 Ba5 63. Kd3 Be1 64. Ke2 Ba5 65. Kf3 Be1 66. Bf1 Kf5 67. Bh3+ Kg5 68. Bg2 Kh5 69. Ke2 Ba5 70. Kd3 Be1 71. f3 Bf2 72. Bh3 Bg1 73. Bg4+ Kg5 74. h3 Bf2 75. f4+ Kg6 76. Ke4 Be1 77. Kf3 Bh4 78. Ke2 Bg3 79. Kd3 Bf2 80. a5 Be1 81. a6 Ba5 82. h4 Be1 83. h5+ Kh6 84. Ke4 Bc3 85. Kf5 Bd2 86. e4 Bc3 87. e5 fxe5 88. fxe5 Be1 89. e6 Bh4 90. Ke5 Be7 91. Kd5 Kg7 92. Kc6 1-0

[Event "Romanian-ch Youth Girls U12 2024"]
[Site "Eforie Nord"]
[Date "2024.04.18"]
[Round "8.2"]
[White "Leca Andrei, Anastasia"]
[Black "Tcaciuc, Smaranda-Maria"]
[Result "1/2-1/2"]
[ECO "D00"]
[WhiteElo "1653"]
[BlackElo "1574"]
[Annotator "NA RC COMBH"]
[PlyCount "156"]
[EventDate "2024.04.10"]
[EventType "swiss"]
[EventCountry "ROU"]
[SourceTitle "playchess.com"]
[Source "ChessBase"]
[SourceQuality "1"]
[TimeControl "5400+30"]

1. d4 d5 2. Bg5 f6 3. Bf4 c6 4. c3 Bf5 5. e3 e6 6. Nf3 Bd6 7. Bg3 Ne7 8. Nh4 Bxg3 9. hxg3 Nd7 10. Nxf5 Nxf5 11. Bd3 Qb6 12. Qc2 O-O-O 13. Nd2 h6 14. Bxf5 exf5 15. O-O-O Qa6 16. Kb1 g6 17. Nb3 h5 18. Rh2 Rhe8 19. Nc1 Nf8 20. Re1 Ne6 21. f3 Re7 22. g4 Ng7 23. gxh5 gxh5 24. Nd3 Rde8 25. Qd2 Qb6 26. Nf4 Qc7 27. g3 Qd6 28. Qf2 b5 29. Nxh5 Nxh5 30. Rxh5 f4 31. gxf4 Qxf4 32. Rh4 Qf5+ 33. Kc1 Qd3 34. Qd2 Qxd2+ 35. Kxd2 Rg7 36. Rh2 f5 37. Rh6 Kb7 38. Rf6 Rg5 39. Re2 a5 40. Kd3 Re7 41. Rh2 a4 42. Rhh6 Rc7 43. Rfg6 Rxg6 44. Rxg6 Rf7 45. Kc2 Re7 46. Kd2 Rf7 47. Rg2 Rf6 48. Re2 Re6 49. Kd3 Rf6 50. a3 Kb6 51. Kc2 Re6 52. Kd2 Rf6 53. Rh2 c5 54. dxc5+ Kxc5 55. Kd3 Re6 56. b4+ axb3 57. Rb2 Ra6 58. Rxb3 Ra4 59. Kc2 f4 60. Rb4 fxe3 61. Rxa4 e2 62. Kd2 bxa4 63. Kxe2 Kc4 64. f4 Kxc3 65. f5 d4 66. f6 Kc2 67. f7 d3+ 68. Ke3 d2 69. f8=Q d1=Q 70. Qc5+ Kb3 71. Qb4+ Ka2 72. Qd2+ Qxd2+ 73. Kxd2 Kxa3 74. Kc3 Ka2 75. Kc2 a3 76. Kc1 Kb3 77. Kb1 a2+ 78. Ka1 Ka3 1/2-1/2

[Event "Romanian-ch Youth Girls U12 2024"]
[Site "Eforie Nord"]
[Date "2024.04.19"]
[Round "9.1"]
[White "Tcaciuc, Smaranda-Maria"]
[Black "Cretescu, Emma"]
[Result "0-1"]
[ECO "D53"]
[WhiteElo "1574"]
[BlackElo "1689"]
[Annotator "NA RC COMBH"]
[PlyCount "100"]
[EventDate "2024.04.10"]
[EventType "swiss"]
[EventCountry "ROU"]
[SourceTitle "playchess.com"]
[Source "ChessBase"]
[SourceQuality "1"]
[TimeControl "5400+30"]

1. d4 d5 2. c4 e6 3. Nc3 Nf6 4. Bg5 Be7 5. e3 a6 6. cxd5 Nxd5 7. Bxe7 Nxe7 8. Nf3 O-O 9. Bd3 h6 10. O-O Nd7 11. Qc2 b6 12. Rad1 Bb7 13. e4 Nf6 14. Rfe1 Nc6 15. e5 Nb4 16. Qe2 Nxd3 17. Qxd3 Nd5 18. Nxd5 Qxd5 19. b3 Rfd8 20. Qc3 Rd7 21. a3 Rad8 22. Rd2 Qc6 23. Qxc6 Bxc6 24. Rc1 Bxf3 25. gxf3 c5 26. Kg2 Rxd4 27. Rdc2 R8d5 28. Re1 Rd3 29. Rb2 Rc3 30. a4 a5 31. f4 Rdd3 32. Re4 Rxb3 33. Rxb3 Rxb3 34. Rc4 Rb4 35. Rxb4 cxb4 36. Kf1 b3 37. Ke1 b2 38. Kd2 b1=Q 39. Ke3 b5 40. axb5 a4 41. b6 a3 42. b7 a2 43. b8=Q+ Qxb8 44. Kf3 a1=R 45. Kg2 Qb7+ 46. Kh3 Qf3+ 47. Kh4 g5+ 48. fxg5 hxg5+ 49. Kxg5 Rg1+ 50. Kh6 Qh3# 0-1

[Event "Romanian-ch Youth Girls U12 2024"]
[Site "Eforie Nord"]
[Date "2024.04.19"]
[Round "9.2"]
[White "Leca Andrei, Anastasia"]
[Black "Sabou, Stefania Theodora"]
[Result "1/2-1/2"]
[ECO "B22"]
[WhiteElo "1653"]
[BlackElo "1612"]
[Annotator "NA RC COMBH"]
[PlyCount "64"]
[EventDate "2024.04.10"]
[EventType "swiss"]
[EventCountry "ROU"]
[SourceTitle "playchess.com"]
[Source "ChessBase"]
[SourceQuality "1"]
[TimeControl "5400+30"]

1. e4 c5 2. c3 d5 3. exd5 Qxd5 4. d4 cxd4 5. cxd4 Nc6 6. Nf3 Bg4 7. Be2 e6 8. Nc3 Qa5 9. O-O Nf6 10. Re1 Be7 11. Be3 O-O 12. h3 Bf5 13. Nh4 Be4 14. Nxe4 Nxe4 15. Nf3 Rad8 16. Bc4 Nf6 17. Qe2 Nd5 18. Rad1 Bf6 19. Rd2 Qb6 20. Ne5 Na5 21. Bxd5 Rxd5 22. Red1 Nc6 23. Nxc6 Qxc6 24. f4 Rfd8 25. Qf2 Qc4 26. b3 Qb4 27. g4 g6 28. g5 Bg7 29. h4 h5 30. Kh2 Qd6 31. Kg1 Qb4 32. Kh2 Qd6 1/2-1/2